[Event "GambitGuide"]
[Site "Internet Chess Club"]
[Date "2014.10.31"]
[Round "1"]
[White "JSBach"]
[Black "Attalus"]
[Result "1-0"]
[ICCResult "Black resigns"]
[WhiteElo "1651"]
[BlackElo "1325"]
[Opening "Vienna: `Frankenstein-Dracula' variation"]
[ECO "C27"]
[NIC "VG.02"]
[Time "21:48:48"]
[TimeControl "120+12"]

1. e4 e5 2. Nc3 Nf6 3. Bc4 Nxe4 4. Qh5 Nd6 5. Bb3 Nc6 6. Nb5 g6 7. Qf3 f5 8.
Qd5 Qe7 9. Nxc7+ Kd8 10. Nxa8 b6 11. d3 Bb7 12. Nxb6 axb6 13. Qf3 Nd4 14.
Qg3 Bg7 15. Bg5 Bf6 16. Bxf6 Qxf6 17. Ba4 b5 18. Bb3 f4 19. Qg4 h5 20. Qh3
g5 21. f3 Qf5 22. c3 Qxh3 23. Nxh3 g4 24. Ng1 gxf3 25. gxf3 Nxf3+ 26. Nxf3
Bxf3 27. O-O Be2 28. Rfe1 Rg8+ 29. Bxg8 {Black resigns} 1-0

[Event "GambitGuide"]
[Site "Internet Chess Club"]
[Date "2014.10.31"]
[Round "1"]
[White "JSBach"]
[Black "luckypawns"]
[Result "0-1"]
[ICCResult "White checkmated"]
[WhiteElo "1651"]
[BlackElo "1817"]
[Opening "Vienna: `Frankenstein-Dracula' variation"]
[ECO "C27"]
[NIC "VG.02"]
[Time "21:48:13"]
[TimeControl "120+12"]

1. e4 e5 2. Nc3 Nf6 3. Bc4 Nxe4 4. Qh5 Nd6 5. Bb3 Nc6 6. Nb5 g6 7. Qf3 f5 8.
Qd5 Qe7 9. Nxc7+ Kd8 10. Nxa8 b6 11. d3 Bb7 12. Nxb6 axb6 13. Qf3 Bg7 14.
Be3 h5 15. Bxb6+ Kc8 16. Qd5 e4 17. dxe4 Nxe4 18. O-O-O Qf6 19. Qxd7+ Kb8
20. Qc7+ Ka8 21. c3 Rc8 22. Qf4 Nxc3 23. Rd7 Ne4 24. Kd1 Qxb2 25. Ne2 Ne5
26. Rxg7 Nd3 27. Rxb7 Nxf4 28. Ra7+ Kb8 29. Bc7+ Kxa7 30. Bxf4 Nxf2+ 31. Ke1
Nxh1 32. Be3+ Ka6 33. Bd4 Qb1+ 34. Kd2 Rd8 35. Bc4+ Ka5 36. Bf7 Qb2+ 37. Ke1
Rxd4 38. Nxd4 Qxd4 39. a3 g5 40. Ke2 Qf2+ 41. Kd3 Qxg2 42. h4 g4 43. Bxh5 f4
44. Bf7 f3 45. Ke3 f2 46. Bc4 Qf3+ 47. Kd2 Ng3 48. Kc2 Ne2 49. Be6 f1=Q 50.
Kb2 Qc3+ 51. Ka2 Qfa1# {White checkmated} 0-1

[Event "GambitGuide"]
[Site "Internet Chess Club"]
[Date "2014.10.31"]
[Round "1"]
[White "JSBach"]
[Black "SlippinAway"]
[Result "1-0"]
[ICCResult "Black resigns"]
[WhiteElo "1651"]
[BlackElo "2064"]
[Opening "Vienna: `Frankenstein-Dracula' variation"]
[ECO "C27"]
[NIC "VG.02"]
[Time "21:50:44"]
[TimeControl "120+12"]

1. e4 e5 2. Nc3 Nf6 3. Bc4 Nxe4 4. Qh5 Nd6 5. Bb3 Nc6 6. Nb5 g6 7. Qf3 f5 8.
Qd5 Qe7 9. Nxc7+ Kd8 10. Nxa8 b6 11. d3 Bb7 12. Nxb6 axb6 13. Qf3 Nb5 14.
Qd5 Nbd4 15. c3 Nxb3 16. Qxb3 Kc7 17. Be3 e4 18. Qxb6+ Kb8 19. Rd1 exd3 20.
Nh3 Bh6 21. O-O Bxe3 22. fxe3 Ne5 23. Nf2 Nc4 24. Qd4 d5 25. Qxh8+
{Black resigns}
1-0

[Event "GambitGuide"]
[Site "Internet Chess Club"]
[Date "2014.10.31"]
[Round "1"]
[White "JSBach"]
[Black "christoforo"]
[Result "1-0"]
[ICCResult "Black checkmated"]
[WhiteElo "1651"]
[BlackElo "1360"]
[Opening "Vienna: `Frankenstein-Dracula' variation"]
[ECO "C27"]
[NIC "VG.02"]
[Time "21:52:26"]
[TimeControl "120+12"]

1. e4 e5 2. Nc3 Nf6 3. Bc4 Nxe4 4. Qh5 Nd6 5. Bb3 Nc6 6. Nb5 g6 7. Qf3 f5 8.
Qd5 Qe7 9. Nxc7+ Kd8 10. Nxa8 b6 11. d3 e4 12. dxe4 Nxe4 13. Be3 Ba6 14. Rd1
Qe6 15. Qxe6 Be7 16. Qxd7# {Black checkmated} 1-0

[Event "GambitGuide"]
[Site "Internet Chess Club"]
[Date "2014.10.31"]
[Round "1"]
[White "JSBach"]
[Black "Alturia7"]
[Result "1-0"]
[ICCResult "Black resigns"]
[WhiteElo "1651"]
[BlackElo "2384"]
[Opening "Vienna: `Frankenstein-Dracula' variation"]
[ECO "C27"]
[NIC "VG.02"]
[Time "21:52:02"]
[TimeControl "120+12"]

1. e4 e5 2. Nc3 Nf6 3. Bc4 Nxe4 4. Qh5 Nd6 5. Bb3 Nc6 6. Nb5 g6 7. Qf3 f5 8.
Qd5 Qe7 9. Nxc7+ Kd8 10. Nxa8 b6 11. d3 Nd4 12. f4 Bg7 13. fxe5 Bxe5 14. Kd1
Re8 15. Nf3 Bb7 16. Bg5 Bf6 17. Qxd4 Bxf3+ 18. gxf3 Qe2+ 19. Kc1 Bxg5+ 20.
f4 {Black resigns} 1-0

[Event "GambitGuide"]
[Site "Internet Chess Club"]
[Date "2014.10.31"]
[Round "1"]
[White "JSBach"]
[Black "Svinotigr"]
[Result "0-1"]
[ICCResult "White checkmated"]
[WhiteElo "1651"]
[BlackElo "1757"]
[Opening "Vienna: `Frankenstein-Dracula' variation"]
[ECO "C27"]
[NIC "VG.02"]
[Time "21:48:46"]
[TimeControl "120+12"]

1. e4 e5 2. Nc3 Nf6 3. Bc4 Nxe4 4. Qh5 Nd6 5. Bb3 Nc6 6. Nb5 g6 7. Qf3 f5 8.
Qd5 Qe7 9. Nxc7+ Kd8 10. Nxa8 b6 11. d3 Bb7 12. Nxb6 axb6 13. Qf3 Nd4 14.
Qh3 g5 15. Be3 h5 16. Ne2 g4 17. Qg3 h4 18. Bg5 Qxg5 19. Qxe5 Nxe2 20. Qxh8
Bxg2 21. Qxf8+ Kc7 22. Kxe2 Bf3+ 23. Kf1 Bxh1 24. Kg1 Bc6 25. Re1 g3 26.
fxg3 hxg3 27. h4 Qd2 28. Qxd6+ Kxd6 29. Re6+ dxe6 30. Bd5 Qf2+ 31. Kh1 Qh2#
{White checkmated}
0-1

[Event "GambitGuide"]
[Site "Internet Chess Club"]
[Date "2014.10.31"]
[Round "1"]
[White "JSBach"]
[Black "Alturia7"]
[Result "1-0"]
[ICCResult "Black resigns"]
[WhiteElo "1635"]
[BlackElo "2384"]
[Opening "Vienna: `Frankenstein-Dracula' variation"]
[ECO "C27"]
[NIC "VG.02"]
[Time "21:54:17"]
[TimeControl "120+12"]

1. e4 e5 2. Nc3 Nf6 3. Bc4 Nxe4 4. Qh5 Nd6 5. Bb3 Nc6 6. Nb5 g6 7. Qf3 f5 8.
Qd5 Qe7 9. Nxc7+ Kd8 10. Nxa8 b6 11. d3 Nd4 12. h4 {Black resigns} 1-0

[Event "GambitGuide"]
[Site "Internet Chess Club"]
[Date "2014.10.31"]
[Round "1"]
[White "JSBach"]
[Black "Alturia7"]
[Result "1-0"]
[ICCResult "Black resigns"]
[WhiteElo "1635"]
[BlackElo "2384"]
[Opening "Vienna: `Frankenstein-Dracula' variation"]
[ECO "C27"]
[NIC "VG.02"]
[Time "21:54:30"]
[TimeControl "120+12"]

1. e4 e5 2. Nc3 Nf6 3. Bc4 Nxe4 4. Qh5 Nd6 5. Bb3 Nc6 6. Nb5 g6 7. Qf3 f5 8.
Qd5 Qe7 9. Nxc7+ Kd8 10. Nxa8 b6 11. d3 Nd4 12. h4 f4 13. Kd2 Bb7 14. Nxb6
axb6 15. Kd1 {Black resigns} 1-0

[Event "GambitGuide"]
[Site "Internet Chess Club"]
[Date "2014.10.31"]
[Round "1"]
[White "JSBach"]
[Black "FischerKing"]
[Result "0-1"]
[ICCResult "White checkmated"]
[WhiteElo "1635"]
[BlackElo "1739"]
[Opening "Vienna: `Frankenstein-Dracula' variation"]
[ECO "C27"]
[NIC "VG.02"]
[Time "21:50:09"]
[TimeControl "120+12"]

1. e4 e5 2. Nc3 Nf6 3. Bc4 Nxe4 4. Qh5 Nd6 5. Bb3 Nc6 6. Nb5 g6 7. Qf3 f5 8.
Qd5 Qe7 9. Nxc7+ Kd8 10. Nxa8 b6 11. d3 Nd4 12. h4 Bg7 13. Bg5 Bf6 14. Bxf6
Qxf6 15. O-O-O Bb7 16. Nxb6 axb6 17. Re1 Bxd5 18. Bxd5 Kc7 19. c3 Nc6 20.
Nf3 Ra8 21. Nxe5 Re8 22. Nf3 Ne5 23. Rxe5 Rxe5 24. Nxe5 Qxe5 25. Bf3 Qc5 26.
d4 Qa5 27. Kb1 b5 28. Bd5 b4 29. c4 b3 30. axb3 Qb4 31. Kc2 Ne4 32. Bxe4
fxe4 33. Ra1 Kd6 34. Ra7 Ke7 35. Ra1 d5 36. Ra7+ Kf6 37. Ra6+ Kf5 38. Rc6 e3
39. fxe3 Ke4 40. Re6+ Kf5 41. cxd5 Qe1 42. e4+ Kg4 43. d6 Qe2+ 44. Kc3 Qe1+
45. Kc4 Qf1+ 46. Kc5 Qxg2 47. d7 Qc2+ 48. Kb4 Qc7 49. e5 Qxd7 50. Rd6 Qa7
51. d5 Qd4+ 52. Ka3 Qxe5 53. Ra6 Qxd5 54. Ra4+ Kh5 55. Rf4 Qd6+ 56. Rb4 h6
57. Ka2 Qxb4 58. Kb1 g5 59. hxg5 hxg5 60. Kc2 g4 61. Kd3 g3 62. Ke2 Kh4 63.
Kf1 Qf4+ 64. Ke2 Qf2+ 65. Kd3 g2 66. Kc4 g1=R 67. b4 Rg5 68. Kb3 Qe3+ 69.
Ka4 Qd4 70. Ka3 Qc4 71. b3 Qc3 72. b5 Rg1 73. Ka4 Ra1# {White checkmated}
0-1

[Event "GambitGuide"]
[Site "Internet Chess Club"]
[Date "2014.10.31"]
[Round "1"]
[White "JSBach"]
[Black "hagaetoz"]
[Result "0-1"]
[ICCResult "White checkmated"]
[WhiteElo "1635"]
[BlackElo "1296"]
[Opening "Vienna: `Frankenstein-Dracula' variation"]
[ECO "C27"]
[NIC "VG.02"]
[Time "21:45:12"]
[TimeControl "120+12"]

1. e4 e5 2. Nc3 Nf6 3. Bc4 Nxe4 4. Qh5 Nd6 5. Bb3 Nc6 6. Nb5 g6 7. Qf3 f5 8.
Qd5 Qe7 9. Nxc7+ Kd8 10. Nxa8 b6 11. d3 Nb4 12. Bg5 Nxd5 13. Bxe7+ Nxe7 14.
d4 exd4 15. O-O-O Bg7 16. g4 Bb7 17. f3 Bxa8 18. g5 Bd5 19. Rd3 Bxb3 20.
Rxb3 Nc6 21. h4 Re8 22. Rd3 Nc4 23. Rd1 Ne3 24. Rd2 Nd5 25. Ne2 Be5 26. c3
Nf4 27. Nxd4 Nxd4 28. cxd4 Bd6 29. Rhd1 Nd5 30. Kb1 Bf4 31. Rd3 Re2 32. Rb3
Rh2 33. Re1 Rxh4 34. Rg1 Rh2 35. Rb5 Ne3 36. Rb4 d5 37. a3 Nc4 38. Rb5 Ne3
39. Rb4 Kc7 40. Ra4 a5 41. b4 Nc4 42. bxa5 b5 43. Rxc4+ dxc4 44. d5 Bd6 45.
a4 bxa4 46. Rc1 Be5 47. Rxc4+ Kb7 48. Rxa4 Ka6 49. f4 Bd6 50. Kc1 Rh1+ 51.
Kd2 Rb1 52. Ke3 Rb5 53. Rd4 Rxa5 54. Kd2 Kb5 55. Kd3 Kc5 56. Rc4+ Kxd5 57.
Rd4+ Kc6 58. Rc4+ Rc5 59. Ra4 Kb7 60. Rd4 Kc6 61. Ke2 Rc2+ 62. Kd3 Rh2 63.
Rc4+ Kd7 64. Rd4 h5 65. gxh6 Rxh6 66. Ke2 Rh4 67. Ke3 Ke6 68. Kf3 Rh3+ 69.
Kg2 Re3 70. Kf2 Re4 71. Rd1 Rxf4+ 72. Kg2 Re4 73. Kf2 g5 74. Rd3 g4 75. Rd1
Ke5 76. Kg3 Re3+ 77. Kh4 Be7+ 78. Kh5 Kf6 79. Rd3 Rh3+ 80. Rxh3 gxh3 81. Kh4
Ke5+ 82. Kxh3 Ke4 83. Kh2 Ke3 84. Kg1 f4 85. Kh2 Ke2 86. Kg2 f3+ 87. Kg3 f2
88. Kf4 f1=Q+ 89. Ke5 Qh3 90. Kd4 Qd3+ 91. Ke5 Qc4 92. Kf5 Ke3 93. Kg6 Qc5
94. Kf7 Ke4 95. Ke8 Qb6 96. Kxe7 Ke5 97. Ke8 Qb7 98. Kd8 Ke6 99. Ke8 Qe7#
{White checkmated}
0-1

[Event "GambitGuide"]
[Site "Internet Chess Club"]
[Date "2014.10.31"]
[Round "1"]
[White "JSBach"]
[Black "croder"]
[Result "0-1"]
[ICCResult "White checkmated"]
[WhiteElo "1635"]
[BlackElo "1604"]
[Opening "Vienna: `Frankenstein-Dracula' variation"]
[ECO "C27"]
[NIC "VG.02"]
[Time "21:49:50"]
[TimeControl "120+12"]

1. e4 e5 2. Nc3 Nf6 3. Bc4 Nxe4 4. Qh5 Nd6 5. Bb3 Nc6 6. Nb5 g6 7. Qf3 f5 8.
Qd5 Qe7 9. Nxc7+ Kd8 10. Nxa8 b6 11. d3 Bb7 12. Nxb6 axb6 13. Qf3 Kc7 14.
Bd2 Qf6 15. c3 g5 16. Bd5 Ne7 17. Bxb7 Nxb7 18. Ne2 d5 19. d4 e4 20. Qh5 h6
21. Qe8 Bg7 22. Qa4 f4 23. Qb4 Nc6 24. Qb5 Rd8 25. Ng1 Qe6 26. Qe2 Nd6 27.
a4 Nc4 28. Bc1 Re8 29. Kf1 e3 30. Nh3 N6a5 31. f3 Nb3 32. Nxf4 gxf4 33. g3
Nxa1 34. gxf4 Nb3 35. Rg1 Re7 36. Kg2 Nxc1 37. Rxc1 Bf6 38. Rg1 Rg7+ 39. Kh1
Rxg1+ 40. Kxg1 Qf5 41. Kg2 Qxf4 42. Kh1 Bh4 43. Kg1 Bf2+ 44. Kg2 Qg5+ 45.
Kh3 Qf5+ 46. Kg2 h5 47. b3 Nd6 48. Qd1 h4 49. Kh1 Qg5 50. Qf1 Qf4 51. Qd1
Nf5 52. Kg2 h3+ 53. Kxh3 Qh4+ 54. Kg2 Nd6 55. Qe2 Qg5+ 56. Kh3 Nf5 57. a5
bxa5 58. Qb5 Qh5+ 59. Kg2 Nh4+ 60. Kf1 Qg5 61. Qxa5+ Kd6 62. Qb6+ Ke7 63.
Qc7+ Kf6 64. Qd6+ Kg7 65. Ke2 Qg1 66. Qd7+ Kg6 67. Qd6+ Kh5 68. Qxd5+ Kg6
69. Qg8+ Kf5 70. Qd5+ Kg6 71. Qg8+ Kh5 72. Qxg1 Bxg1 73. d5 Nf5 74. h3 Kh4
75. Kf1 Bf2 76. Kg2 Kg5 77. Kf1 Kf6 78. b4 Ke5 79. c4 Kd6 80. h4 Nxh4 81.
Ke2 Nf5 82. Kd3 Nh4 83. Ke2 Nf5 84. Kd3 Ne7 85. Ke2 Nc8 86. f4 Ne7 87. b5
Kc5 88. Kd3 Nf5 89. b6 Kxb6 90. Ke2 Kc5 91. Kd3 Nd6 92. f5 Nxf5 93. Ke2 Nd6
94. Kd1 Nxc4 95. d6 Nxd6 96. Ke2 Kd5 97. Kd3 Nf5 98. Ke2 Ke4 99. Kd1 Kd3
100. Kc1 e2 101. Kb2 e1=Q 102. Kb3 Qc3+ 103. Ka4 Qb2 104. Ka5 Qb3 105. Ka6
Qb6# {White checkmated} 0-1

[Event "GambitGuide"]
[Site "Internet Chess Club"]
[Date "2014.10.31"]
[Round "1"]
[White "JSBach"]
[Black "justinchess"]
[Result "1-0"]
[ICCResult "Black resigns"]
[WhiteElo "1635"]
[BlackElo "1815"]
[Opening "Vienna: `Frankenstein-Dracula' variation"]
[ECO "C27"]
[NIC "VG.02"]
[Time "21:53:16"]
[TimeControl "120+12"]

1. e4 e5 2. Nc3 Nf6 3. Bc4 Nxe4 4. Qh5 Nd6 5. Bb3 Nc6 6. Nb5 g6 7. Qf3 f5 8.
Qd5 Qe7 9. Nxc7+ Kd8 10. Nxa8 b6 11. d3 Bb7 12. Nxb6 axb6 13. Qf3 Nd4 14.
Qh3 g5 15. Be3 g4 16. Qh5 f4 17. Bxd4 exd4+ 18. Kf1 {Black resigns} 1-0

[Event "GambitGuide"]
[Site "Internet Chess Club"]
[Date "2014.10.31"]
[Round "1"]
[White "JSBach"]
[Black "just"]
[Result "1-0"]
[ICCResult "Black resigns"]
[WhiteElo "1635"]
[BlackElo "2054"]
[Opening "Vienna: `Frankenstein-Dracula' variation"]
[ECO "C27"]
[NIC "VG.02"]
[Time "21:52:06"]
[TimeControl "120+12"]

1. e4 e5 2. Nc3 Nf6 3. Bc4 Nxe4 4. Qh5 Nd6 5. Bb3 Nc6 6. Nb5 g6 7. Qf3 f5 8.
Qd5 Qe7 9. Nxc7+ Kd8 10. Nxa8 b6 11. d3 Bb7 12. Nxb6 axb6 13. Qf3 Bg7 14.
Be3 Kc7 15. Bd5 Re8 16. c3 e4 17. dxe4 Nxe4 18. Rd1 Nc5 19. Ne2 Ne5 20. Bf4
Ba6 21. O-O d6 22. Qe3 Qd8 23. Bg5 Qc8 24. Qd2 Ned3 25. Be3 Qd7 26. g3 Ne5
27. Bd4 Bb7 28. Bxb7 Kxb7 29. Qe3 Qc6 30. f4 Ng4 31. Qd2 Ne4 32. Qd3 Bf8 33.
Rfe1 d5 34. Nc1 Bc5 35. Re2 Rd8 36. Nb3 Rd7 37. h3 Nh6 38. Bxc5 bxc5 39.
Na5+ {Black resigns} 1-0

[Event "GambitGuide"]
[Site "Internet Chess Club"]
[Date "2014.10.31"]
[Round "1"]
[White "JSBach"]
[Black "luckypawns"]
[Result "0-1"]
[ICCResult "White checkmated"]
[WhiteElo "1635"]
[BlackElo "1817"]
[Opening "Vienna: `Frankenstein-Dracula' variation"]
[ECO "C27"]
[NIC "VG.02"]
[Time "21:51:42"]
[TimeControl "120+12"]

1. e4 e5 2. Nc3 Nf6 3. Bc4 Nxe4 4. Qh5 Nd6 5. Bb3 Nc6 6. Nb5 g6 7. Qf3 f5 8.
Qd5 Qe7 9. Nxc7+ Kd8 10. Nxa8 b6 11. d3 Bb7 12. Nxb6 axb6 13. Qf3 Nd4 14.
Qh3 Bg7 15. Be3 h5 16. Rc1 g5 17. Ne2 g4 18. Qg3 f4 19. Nxf4 exf4 20. Qxf4
Bh6 21. Qxd4 Re8 22. Qxb6+ Kc8 23. Qc5+ Kb8 24. Kf1 Bxe3 25. fxe3 Rf8+ 26.
Kg1 Qf6 27. e4 Nb5 28. Rb1 Nd4 29. Qxf8+ Qxf8 30. Re1 Qc5 31. Kf1 Nxb3 32.
cxb3 Qc2 33. a4 Qxd3+ 34. Re2 Ba6 35. Kf2 Qxe2+ 36. Kg3 Qxe4 37. h3 Be2 38.
hxg4 Bxg4 39. Kh2 Qe2 40. Rb1 Qe5+ 41. Kh1 Qe3 42. b4 Qb3 43. a5 Qxb4 44.
Ra1 Qxb2 45. Re1 d5 46. Rf1 d4 47. Rf8+ Kb7 48. Kh2 d3 49. a6+ Kxa6 50. Ra8+
Kb7 51. Rf8 d2 52. Rf1 Be2 53. Rg1 Qe5+ 54. g3 h4 55. Rb1+ Kc6 56. Rg1 hxg3+
57. Kg2 Bd3 58. Kh3 Bf5+ 59. Kg2 Be4+ 60. Kh3 g2 61. Kg4 Qd4 62. Rd1 g1=Q+
63. Rxg1 Qxg1+ 64. Kf4 d1=Q 65. Kxe4 Qge1+ 66. Kf4 Qd4+ 67. Kf5 Qee5+ 68.
Kg6 Qg4+ 69. Kf7 Qgg7# {White checkmated} 0-1

[Event "GambitGuide"]
[Site "Internet Chess Club"]
[Date "2014.10.31"]
[Round "1"]
[White "JSBach"]
[Black "SlippinAway"]
[Result "1-0"]
[ICCResult "Black resigns"]
[WhiteElo "1635"]
[BlackElo "2064"]
[Opening "Vienna: `Frankenstein-Dracula' variation"]
[ECO "C27"]
[NIC "VG.02"]
[Time "21:52:05"]
[TimeControl "120+12"]

1. e4 e5 2. Nc3 Nf6 3. Bc4 Nxe4 4. Qh5 Nd6 5. Bb3 Nc6 6. Nb5 g6 7. Qf3 f5 8.
Qd5 Qe7 9. Nxc7+ Kd8 10. Nxa8 b6 11. d3 Bb7 12. Nxb6 axb6 13. Qf3 Nd4 14.
Qh3 Nxb3 15. axb3 f4 16. b4 Nf5 17. Ra7 Kc8 18. Bd2 Kb8 19. Ra1 Nd4 20. Kd1
d5 21. Nf3 Nf5 22. Re1 e4 23. dxe4 dxe4 24. Bxf4+ Kc8 25. Nd4 Qd7 26. Qc3+
Kd8 27. Bc7+ Ke8 28. Be5 Rg8 29. Ra7 Be7 30. Qc7 Qxc7 31. Bxc7 Bd5 32. Bxb6
Bxb4 33. c3 Bd6 34. Rxh7 Bf4 35. c4 Nxd4 36. cxd5 {Black resigns} 1-0

[Event "GambitGuide"]
[Site "Internet Chess Club"]
[Date "2014.10.31"]
[Round "1"]
[White "JSBach"]
[Black "hqy"]
[Result "0-1"]
[ICCResult "White checkmated"]
[WhiteElo "1635"]
[BlackElo "1329"]
[Opening "Vienna: `Frankenstein-Dracula' variation"]
[ECO "C27"]
[NIC "VG.02"]
[Time "21:48:32"]
[TimeControl "120+12"]

1. e4 e5 2. Nc3 Nf6 3. Bc4 Nxe4 4. Qh5 Nd6 5. Bb3 Nc6 6. Nb5 g6 7. Qf3 f5 8.
Qd5 Qe7 9. Nxc7+ Kd8 10. Nxa8 b6 11. d3 Bb7 12. Nxb6 axb6 13. Qf3 Nd4 14.
Qg3 Bg7 15. Bg5 Bf6 16. Bxf6 Qxf6 17. Ba4 b5 18. Bb3 f4 19. Qg4 h5 20. Qh3
g5 21. f3 e4 22. fxe4 g4 23. c3 gxh3 24. Nxh3 Nxb3 25. axb3 f3 26. O-O Kc7
27. Rxf3 Qg6 28. Nf4 Qg7 29. Raf1 h4 30. Ne2 h3 31. Rg3 Qe7 32. gxh3 Qe6 33.
Nd4 Qe7 34. Rf4 Ra8 35. Rfg4 Ra1+ 36. Kg2 Rb1 37. h4 Rxb2+ 38. Kh3 Qe5 39.
Rg5 Qe7 40. e5 Nf7 41. Rg7 Qf8 42. e6 Ne5 43. Rg1 Qf2 44. Rxd7+ Nxd7 45.
Nxb5+ Kc6 46. Nd4+ Kc7 47. Nb5+ Kc6 48. Nd4+ Kb6 49. Rg3 Qxh2+ 50. Kg4 Nf6+
51. Kf5 Qxg3 52. Kxf6 Rf2+ 53. Nf5 Qf4 54. Ke7 Qxf5 55. d4 Re2 56. d5 Bxd5
57. c4 Rxe6+ 58. Kd8 Qf7 59. c5+ Kc6 60. b4 Re8# {White checkmated} 0-1

[Event "GambitGuide"]
[Site "Internet Chess Club"]
[Date "2014.10.31"]
[Round "1"]
[White "JSBach"]
[Black "Agnuti"]
[Result "1-0"]
[ICCResult "Black resigns"]
[WhiteElo "1609"]
[BlackElo "1385"]
[Opening "Vienna: `Frankenstein-Dracula' variation"]
[ECO "C27"]
[NIC "VG.02"]
[Time "21:54:29"]
[TimeControl "120+12"]

1. e4 e5 2. Nc3 Nf6 3. Bc4 Nxe4 4. Qh5 Nd6 5. Bb3 Nc6 6. Nb5 g6 7. Qf3 f5 8.
Qd5 Qe7 9. Nxc7+ Kd8 10. Nxa8 b6 11. d3 g5 12. Nf3 h6 13. Ba4 g4 14. Ng1 Bb7
15. Nxb6 axb6 16. Qb3 Kc7 17. Be3 Nd4 18. Qc3+ Kb8 19. Qb4 Nc8 20. Qxe7 Bxe7
21. Bxd4 exd4 22. f3 Bb4+ 23. Kd1 h5 24. Bxd7 {Black resigns} 1-0

[Event "GambitGuide"]
[Site "Internet Chess Club"]
[Date "2014.10.31"]
[Round "1"]
[White "JSBach"]
[Black "luckypawns"]
[Result "1-0"]
[ICCResult "Black resigns"]
[WhiteElo "1609"]
[BlackElo "1817"]
[Opening "Vienna: `Frankenstein-Dracula' variation"]
[ECO "C27"]
[NIC "VG.02"]
[Time "21:55:17"]
[TimeControl "120+12"]

1. e4 e5 2. Nc3 Nf6 3. Bc4 Nxe4 4. Qh5 Nd6 5. Bb3 Nc6 6. Nb5 g6 7. Qf3 f5 8.
Qd5 Qe7 9. Nxc7+ Kd8 10. Nxa8 b6 11. d3 Bb7 12. Nxb6 axb6 13. Qf3 Nd4 14.
Qh3 Bg7 15. Be3 h5 16. Ne2 g5 17. c3 g4 18. Qg3 f4 19. Nxf4 exf4 20. Qxf4
N4f5 21. Qb4 Nxe3 22. Qxb6+ Kc8 23. fxe3 Re8 24. e4 Nxe4 25. O-O Nd2 26. Rf7
Qe5 27. Ba4 Re7 28. Bxd7+ Kb8 29. Qd8+ Ka7 30. Rxe7 Qc5+ 31. d4 Bxd4+ 32.
cxd4 Qxd4+ 33. Kh1 Bxg2+ 34. Kxg2 Qd5+ 35. Kf2 Qf3+ 36. Kg1 {Black resigns}
1-0

[Event "GambitGuide"]
[Site "Internet Chess Club"]
[Date "2014.10.31"]
[Round "1"]
[White "JSBach"]
[Black "justinchess"]
[Result "0-1"]
[ICCResult "White checkmated"]
[WhiteElo "1609"]
[BlackElo "1815"]
[Opening "Vienna: `Frankenstein-Dracula' variation"]
[ECO "C27"]
[NIC "VG.02"]
[Time "21:55:29"]
[TimeControl "120+12"]

1. e4 e5 2. Nc3 Nf6 3. Bc4 Nxe4 4. Qh5 Nd6 5. Bb3 Nc6 6. Nb5 g6 7. Qf3 f5 8.
Qd5 Qe7 9. Nxc7+ Kd8 10. Nxa8 b6 11. d3 Bb7 12. Nxb6 axb6 13. Qf3 Nd4 14.
Qg3 f4 15. Qg4 Nxb3 16. axb3 Rg8 17. Ne2 h5 18. Qh3 g5 19. O-O Qf7 20. Re1
g4 21. Qh4+ Be7 22. Qxe7+ Qxe7 23. Nxf4 h4 24. Be3 Kc7 25. Ra7 exf4 26.
Bxb6+ Kxb6 27. Rxb7+ Kxb7 28. Rxe7 Kc6 29. b4 Re8 30. Rxe8 Nxe8 31. h3 g3
32. c3 Kd5 33. b5 Nd6 34. b4 Ke5 35. b6 Nb7 36. b5 Kd5 37. fxg3 fxg3 38. d4
Kc4 39. d5 Kxc3 40. Kf1 Kd3 41. Kg1 Ke2 42. Kh1 Kf1 43. d6 Nxd6 44. b7 Nxb7
45. b6 Ke2 46. Kg1 d5 47. Kh1 d4 48. Kg1 d3 49. Kh1 d2 50. Kg1 d1=Q#
{White checkmated}
0-1

[Event "GambitGuide"]
[Site "Internet Chess Club"]
[Date "2014.10.31"]
[Round "1"]
[White "JSBach"]
[Black "FischerKing"]
[Result "1-0"]
[ICCResult "Black resigns"]
[WhiteElo "1609"]
[BlackElo "1739"]
[Opening "Vienna: `Frankenstein-Dracula' variation"]
[ECO "C27"]
[NIC "VG.02"]
[Time "21:54:52"]
[TimeControl "120+12"]

1. e4 e5 2. Nc3 Nf6 3. Bc4 Nxe4 4. Qh5 Nd6 5. Bb3 Nc6 6. Nb5 g6 7. Qf3 f5 8.
Qd5 Qe7 9. Nxc7+ Kd8 10. Nxa8 b6 11. d3 Nd4 12. h4 Bg7 13. Bg5 Bf6 14. Bxf6
Qxf6 15. O-O-O Bb7 16. Nxb6 axb6 17. Re1 Bxd5 18. Bxd5 Kc7 19. c3 Nc6 20.
Nf3 Re8 21. h5 g5 22. Re2 h6 23. Rhe1 g4 24. Nd2 b5 25. f4 gxf3 26. Nxf3 b4
27. Bxc6 dxc6 28. Rxe5 bxc3 29. Rxe8 cxb2+ 30. Kb1 Nxe8 31. Rxe8 Qf7 32. Re2
Qxh5 33. a3 Qg4 34. Kxb2 Qg7+ 35. Ne5 Kd6 36. a4 Kd5 37. a5 Kc5 38. Kc2 Qg8
39. Kc3 Qd5 40. Nf3 Kb5 41. Re5 Kxa5 42. Rxd5+ cxd5 43. Kd4 Kb4 44. Kxd5 Kc3
45. Ne5 h5 46. d4 h4 47. Kc5 f4 48. d5 {Black resigns} 1-0

[Event "GambitGuide"]
[Site "Internet Chess Club"]
[Date "2014.10.31"]
[Round "1"]
[White "JSBach"]
[Black "Svinotigr"]
[Result "1/2-1/2"]
[ICCResult "Game drawn by repetition"]
[WhiteElo "1609"]
[BlackElo "1757"]
[Opening "Vienna: `Frankenstein-Dracula' variation"]
[ECO "C27"]
[NIC "VG.02"]
[Time "21:53:53"]
[TimeControl "120+12"]

1. e4 e5 2. Nc3 Nf6 3. Bc4 Nxe4 4. Qh5 Nd6 5. Bb3 Nc6 6. Nb5 g6 7. Qf3 f5 8.
Qd5 Qe7 9. Nxc7+ Kd8 10. Nxa8 b6 11. d3 Bb7 12. Nxb6 axb6 13. Qf3 Nd4 14.
Qh3 g5 15. Be3 h5 16. Bxd4 exd4+ 17. Ne2 f4 18. f3 g4 19. fxg4 hxg4 20. Qxh8
f3 21. O-O Nf5 22. Nxd4 Qe3+ 23. Rf2 Nxd4 24. Qxf8+ Kc7 25. gxf3 Nxf3+ 26.
Kf1 Nd2+ 27. Kg1 Nf3+ 28. Kf1 Nd2+ 29. Kg1 Nf3+ 30. Kf1 Nd2+ 31. Kg1
{Game drawn by repetition}
1/2-1/2

[Event "GambitGuide"]
[Site "Internet Chess Club"]
[Date "2014.10.31"]
[Round "1"]
[White "JSBach"]
[Black "hqy"]
[Result "0-1"]
[ICCResult "White checkmated"]
[WhiteElo "1609"]
[BlackElo "1329"]
[Opening "Vienna: `Frankenstein-Dracula' variation"]
[ECO "C27"]
[NIC "VG.02"]
[Time "21:56:30"]
[TimeControl "120+12"]

1. e4 e5 2. Nc3 Nf6 3. Bc4 Nxe4 4. Qh5 Nd6 5. Bb3 Nc6 6. Nb5 g6 7. Qf3 f5 8.
Qd5 Qe7 9. Nxc7+ Kd8 10. Nxa8 b6 11. d3 Bb7 12. Nxb6 axb6 13. Qf3 Nd4 14.
Qg3 Bg7 15. Bg5 Bf6 16. Bxf6 Qxf6 17. Ba4 b5 18. Bb3 f4 19. Qg4 h5 20. Qh3
g5 21. f3 e4 22. fxe4 g4 23. c3 gxh3 24. Nxh3 Nxb3 25. axb3 Rg8 26. O-O f3
27. Rf2 Rxg2+ 28. Rxg2 fxg2 29. Kxg2 Qg6+ 30. Kf1 Qg4 31. Nf2 Qf3 32. Ra5 h4
33. h3 Bc6 34. Ra6 Nf7 35. c4 bxc4 36. bxc4 Ne5 37. Ra3 Ng6 38. d4 Qf7 39.
d5 Bb7 40. Ra7 Bc8 41. c5 Nf4 42. Ke1 Qf6 43. Ra2 Qd4 44. Ra3 Qxb2 45. Ra2
Qxa2 46. Kd1 Qxf2 47. Kc1 Nd3+ 48. Kd1 Nb4 49. e5 Ke7 50. d6+ Ke6 51. c6
dxc6 52. d7 Bxd7 53. Kc1 Qc2# {White checkmated} 0-1

[Event "GambitGuide"]
[Site "Internet Chess Club"]
[Date "2014.10.31"]
[Round "1"]
[White "JSBach"]
[Black "SlippinAway"]
[Result "1-0"]
[ICCResult "Black resigns"]
[WhiteElo "1599"]
[BlackElo "2064"]
[Opening "Vienna: `Frankenstein-Dracula' variation"]
[ECO "C27"]
[NIC "VG.02"]
[Time "21:58:53"]
[TimeControl "120+12"]

1. e4 e5 2. Nc3 Nf6 3. Bc4 Nxe4 4. Qh5 Nd6 5. Bb3 Nc6 6. Nb5 g6 7. Qf3 f5 8.
Qd5 Qe7 9. Nxc7+ Kd8 10. Nxa8 b6 11. d3 Bb7 12. Nxb6 axb6 13. Qf3 e4 14. Qe3
Kc7 15. d4 Bg7 16. c3 Na5 17. Bc2 Nac4 18. Qg3 h6 19. b3 Na5 20. Qxg6 Ba6
21. Bf4 Bf6 22. Qxf5 {Black resigns} 1-0